 Dungeon Crawl Stone Soup version 0.21-a0-583-g2c32b0f (webtiles) character file.

389 sugabear the Slasher (level 6, 0/32 HPs)
             Began as a Vine Stalker Gladiator on Dec 19, 2017.
             Killed by divine providence
             ... invoked by an orc priest
              (10 damage)
             ... on level 4 of the Dungeon.
             The game lasted 00:03:50 (2892 turns).

sugabear the Slasher (Vine Stalker Gladiator)       Turns: 2892, Time: 00:03:51

Health: 0/32       AC: 10    Str: 17    XL:     6   Next: 79%
Magic:  0/7        EV: 12    Int:  8    God:
Gold:   117        SH:  0    Dex: 17    Spells: 5/5 levels left

rFire    . . .     SeeInvis .   a - +0 long sword
rCold    + . .     Gourm    .   (no shield)
rNeg     . . .     Faith    .   v - +1 ring mail {rC+}
rPois    .         Spirit   +   c - +0 helmet
rElec    .         Reflect  .   (no cloak)
rCorr    .         Harm     .   w - +0 pair of gloves
MR       .....                  u - +1 pair of boots
Stlth    +.........             (no amulet)
HPRegen  0.50/turn              (no ring)
MPRegen  0.10/turn              (no ring)

@: no status effects
A: fangs 2, regeneration 1, magic shield, antimagic bite, no potion heal 3, rot
immunity
a: no special abilities


You were on level 4 of the Dungeon.
You were not hungry.

You visited 1 branch of the dungeon, and saw 4 of its levels.

You collected 117 gold pieces.

Inventory:

Hand Weapons
 a - a +0 long sword (weapon)
Missiles
 k - a throwing net (quivered)
Armour
 c - a +0 helmet (worn)
 m - a +0 pair of boots
 u - a +1 pair of boots (worn)
 v - a +1 ring mail of cold resistance (worn)
 w - a +0 pair of gloves (worn)
Wands
 r - a wand of random effects (23)
Scrolls
 b - a scroll of fear {unknown}
 d - a scroll of magic mapping {unknown}
 e - a scroll of enchant weapon {unknown}
 g - 4 scrolls of identify {unknown}
 h - a scroll of enchant armour {unknown}
 i - a scroll of remove curse {unknown}
 j - 2 scrolls of teleportation {unknown}
 s - a scroll of random uselessness {unknown}
 x - a scroll of blinking {unknown}
Potions
 l - 3 potions of agility
 o - a potion of curing
 q - a potion of invisibility {unknown}
 t - a potion of ambrosia {unknown}
 z - a potion of degeneration {unknown}
Books
 n - a book of Maledictions

   Spells                             Type                      Level
   a - Corona                         Hexes                        1
   b - Ensorcelled Hibernation        Hexes/Ice                    2
   c - Confuse                        Hexes                        3
   d - Tukima's Dance                 Hexes                        3
   e - Dazzling Spray                 Conjuration/Hexes            3
Comestibles
 f - a ration
 p - a chunk of flesh


   Skills:
 + Level 2.5 Fighting
 + Level 5.2 Long Blades
 + Level 2.2 Throwing
 + Level 1.8 Armour
 + Level 3.2 Dodging
 + Level 1.1 Stealth
 + Level 0.1 Evocations


You had 5 spell levels left.
You didn't know any spells.

Dungeon Overview and Level Annotations

Branches:
Dungeon (4/15)
 Temple: D:4-7

Altars:
Cheibriados
Makhleb
Nemelex Xobeh


Innate Abilities, Weirdness & Mutations

You have extremely sharp teeth.
Your natural rate of healing is unusually fast.
When hurt, damage is shared between your health and your magic reserves.
Your bite disrupts and absorbs the magic of your enemies.
Potions cannot restore your health.
You are immune to rotting.


Message History

The orc priest mumbles some strange prayers to Beogh against you.
Pain shoots through your body!
You slash the orc!
You kill the orc!
The orc closely misses you.
The orc priest calls down the wrath of Beogh upon you.
Beogh smites you! The orc hits you with a club.
You hear a bark!
You are too injured to fight recklessly!
You are too injured to fight recklessly!
You are too injured to fight recklessly!
Unknown command.
Okay, then.
You hit the orc priest. Your bite misses the orc priest.
The orc priest is moderately wounded.
You hear a shout! x2
The orc closely misses you.
The orc priest calls down the wrath of Beogh upon you.
Beogh smites you!
You die...

.......####..##
......
#..........## .
..⌠..###....."#####
.. .o. .........##
.. .. #.........#
#. #h #.........#
#..#.##.........#
.##...oo..........#
......)@..........#
#.....o##........##
#...... #.........#
#...... #.........#
####### #.....[..(#
#.........#
#.........#
##.......##
##.....##


You could see a hound, 2 orc priests and 2 orcs.

Vanquished Creatures
  A hippogriff (D:3)
  2 orc priests (D:3)
  Natasha (D:3)
  An orc wizard (D:2)
  4 adders
  A worm (D:2)
  2 leopard geckos
  2 orcs
  2 ball pythons
  9 bats
  4 giant cockroaches
  5 goblins
  6 hobgoblins
  8 jackals
  3 frilled lizards
  A jackal skeleton (D:4)
  4 kobolds
  6 rats
62 creatures vanquished.

Notes
Turn   | Place    | Note
-------+----------+-------------------------------------------
     0 | D:1      | sugabear the Vine Stalker Gladiator began the quest for the Orb.
     0 | D:1      | Reached XP level 1. HP: 11/11 MP: 2/2
   253 | D:1      | Reached skill level 3 in Long Blades
   253 | D:1      | Reached XP level 2. HP: 15/15 MP: 3/3
   574 | D:2      | Reached XP level 3. HP: 18/18 MP: 4/4
   755 | D:2      | Found a sparkling altar of Nemelex Xobeh.
   874 | D:2      | Gained mutation: Your natural rate of healing is unusually fast. [Vine Stalker growth]
   874 | D:2      | Reached XP level 4. HP: 1/23 MP: 5/5
  2186 | D:3      | Reached skill level 4 in Long Blades
  2186 | D:3      | Reached skill level 1 in Armour
  2186 | D:3      | Reached XP level 5. HP: 23/26 MP: 6/6
  2418 | D:3      | Noticed Natasha
  2423 | D:3      | Killed Natasha
  2625 | D:3      | Noticed a hippogriff
  2638 | D:3      | Killed a hippogriff
  2638 | D:3      | Reached skill level 5 in Long Blades
  2638 | D:3      | Reached skill level 1 in Stealth
  2638 | D:3      | Reached XP level 6. HP: 32/32 MP: 5/7
  2734 | D:4      | Found a snail-covered altar of Cheibriados.
  2788 | D:4      | Found a burning altar of Makhleb.
  2788 | D:4      | Noticed a blizzard demon
  2791 | D:4      | Noticed a ynoxinul
  2791 | D:4      | Noticed a neqoxec
  2892 | D:4      | Killed from afar by an orc priest

Vault maps used:
D:1:      lightli_arrival_flooded_house, minivault_24, minmay_tetromino_i4
D:2:      nemelex_xobeh_ov_fountains_minmay
D:3:      uniq_natasha
D:4:      cheibriados_altar_1, lemuel_blue_sif_altar,
          minmay_temple_entry_large_hall, makhleb_altar_promises_db

Skill      XL: |  1  2  3  4  5 |
---------------+----------------+-----
Long Blades    | 3 4 5 |  5.2
Throwing       | 2 |  2.2
Fighting       | 2 |  2.5
Dodging        | 3 |  3.2
Armour         | 1 |  1.8
Stealth        | 1 |  1.1
Evocations     | |  0.1

Action                   |  1- 3 |  4- 6 || total
-------------------------+-------+-------++-------
Melee: Long sword        |    57 |    90 ||   147
       Bite              |    17 |    35 ||    52
Throw: Throwing net      |     3 |       ||     3
Evoke: Wand              |       |     2 ||     2
  Use: Potion            |     3 |       ||     3
 Stab: Held in net/web   |     1 |       ||     1
  Eat: Chunk             |       |     6 ||     6
Armor: Leather armour    |    24 |     5 ||    29
       Ring mail         |       |    39 ||    39
Dodge: Dodged            |    69 |    53 ||   122
       Rpst.: Long sword |    21 |    12 ||    33

Table legend:
 A = Spawn XP
 B = Non-spawn XP
 C = Spawn XP percentage of total XP
 D = Spawn monster count
 E = Non-spawn monster count
 F = Spawn count percentage of total count
 G = Total turns spent on level
                    A         B        C        D         E        F      G
               +---------+---------+-------+---------+---------+-------+---------
         Total |       0 |     557 |   0.0 |       0 |      62 |   0.0 |  2892
               +---------+---------+-------+---------+---------+-------+---------
           D:1 |       0 |      29 |   0.0 |       0 |      18 |   0.0 |   562
           D:2 |       0 |     108 |   0.0 |       0 |      21 |   0.0 |  1404
           D:3 |       0 |     390 |   0.0 |       0 |      14 |   0.0 |   764
           D:4 |       0 |      30 |   0.0 |       0 |       9 |   0.0 |   162
               +---------+---------+-------+---------+---------+-------+---------
